cohdb
Replays
Latest Replays
All Replays
Popular Replays
Top Player Replays
Match Explorer
How It Works
Community
CoH3 Stats
Reddit
Sign in to upload your games and track your stats! →
Sign in with Steam
Match 45592296
Unlisted
Match 45592296
Overview
Messages
Build Orders
End
250 Light Carrier
250 Light Carrier
Panzerpioneer Squad
Construct Light Support Kompanie
Selects Panzerjäger Kommand Battlegroup
Selects Mine Fields
Assault Grenadier Squad
Fire Support Elements
Assault Grenadier Squad
Construct Panzerarmee Kommand
Assault Grenadier Squad
Panzerjäger Mechanized Group
Panzer III L Medium Tank
Selects Defensive Positions
Selects Butterfly Bomb Drop
Veteran Squad Leaders
Selects GrB 39 Grenade Launcher Requisition
Panzer III L Medium Tank
Butterfly Bomb Drop
Vehicle Survival Package
Panzer III L Medium Tank
Panzer III L Medium Tank
Butterfly Bomb Drop
Selects Crew Shock Tactics
Tungsten Core Ammunition
Panzer III L Medium Tank
Panzer III L Medium Tank
Emergency Repair Kits
Selects Anti-tank Overwatch
Anti-tank Overwatch
Panzer III L Medium Tank
Rapid Advance
Anti-tank Overwatch
Panzer III L Medium Tank
Panzer III L Medium Tank
Panzer III L Medium Tank
Anti-tank Overwatch
Panzer III L Medium Tank
Pak 38 Mechanized Group
Panzer III L Medium Tank
Anti-tank Overwatch
Panzer III L Medium Tank
Advanced Optics
Panzer III L Medium Tank
Panzerpioneer Squad
Anti-tank Overwatch
Panzer III L Medium Tank
Honey
sumikadaisuki
馬的小霸王
Zebra
Say! my! name!
普里图亚
zombie land SAGA
Mr. Demiks
0
0
Comments
sign in to comment!
No comments posted yet!